NCAA
ARIZONA WILDCATS @ KENTUCKY WILDCATS
05/04/2024
 
TOP OF THE 1ST
Arizona Wildcats batting - Pitching for Kentucky Wildcats : LHP Sloan Sanders
Pitching: LHP Sloan Sanders
Batting: SHB José Espinoza 0-0: Ball
1-0: Bunted foul
1-1: Foul Ball, location: 2F
1-2: Ball
2-2: Ball
3-2: Fly out, F6 (Line Drive, 6)
Batting: RHB Michael Tucker 0-0: Fly out, F9 (Flyball, 89S)
Batting: RHB Félix Gonzáles 0-0: Called Strike
0-1: Called Strike
0-2: Foul Ball, location: 2F
0-2: Ball
1-2: Reached on error, E4 (Groundball, 4)
Batting: LHB Bruce Foster 0-0: SINGLE (Groundball, 34D)
Félix Gonzáles to third
Runner from 3rd tries for Home, SAFE, no throw or cutoff
Batting: RHB Alvin Cates 0-0: Called Strike
0-1: 2-RUN HOME RUN (Flyball, 8LXD), Distance : 384 ft
Batting: RHB Gordon Owens 0-0: Swinging Strike
0-1: Foul Ball, location: 2F
0-2: Strikes out looking
Top of the 1st over - 3 run(s), 2 hit(s), 1 error(s), 0 left on base; Arizona 3 - Kentucky 0
BOTTOM OF THE 1ST
Kentucky Wildcats batting - Pitching for Arizona Wildcats : RHP Dave Edwards
Pitching: RHP Dave Edwards
Batting: RHB Jerry Gentry 0-0: Called Strike
0-1: Called Strike
0-2: Ground out 4-3 (Groundball, 4)
Batting: RHB Ricky White 0-0: Ball
1-0: Called Strike
1-1: Foul Ball, location: 2F
1-2: Strikes out looking
Batting: LHB John Hudson 0-0: Ball
1-0: Ball
2-0: Ball
3-0: Base on Balls
Batting: RHB Phil McJannett 0-0: Foul Ball, location: 2F
0-1: Fly out, F8 (Flyball, 8RM)
Bottom of the 1st over - 0 run(s), 0 hit(s), 0 error(s), 1 left on base; Arizona 3 - Kentucky 0
TOP OF THE 2ND
Arizona Wildcats batting - Pitching for Kentucky Wildcats : LHP Sloan Sanders
Batting: RHB Miguel Gonzáles 0-0: Ball
1-0: Called Strike
1-1: Foul Ball, location: 2F
1-2: Ball
2-2: Strikes out swinging
Batting: RHB Gabriel Vázquez 0-0: Ball
1-0: Ball
2-0: Called Strike
2-1: Swinging Strike
2-2: Strikes out looking
Batting: RHB Jordan Moore 0-0: Foul Ball, location: 2F
0-1: Ball
1-1: Called Strike
1-2: Foul Ball, location: 2F
1-2: Fly out, F9 (Flyball, 89M)
Top of the 2nd over - 0 run(s), 0 hit(s), 0 error(s), 0 left on base; Arizona 3 - Kentucky 0
BOTTOM OF THE 2ND
Kentucky Wildcats batting - Pitching for Arizona Wildcats : RHP Dave Edwards
Batting: LHB Carlos Romero 0-0: Called Strike
0-1: Foul Ball, location: 2F
0-2: Strikes out swinging
Batting: SHB Matt Wells 0-0: Called Strike
0-1: Ball
1-1: Called Strike
1-2: Ball
2-2: Ball
3-2: Base on Balls
Batting: RHB Chris Rice 0-0: Called Strike
0-1: Fielders Choice at 2nd, 5-4 (Groundball, 56)
Batting: RHB Jack Sweet 0-0: Called Strike
0-1: Called Strike
0-2: Ball
1-2: Ground out 6-3 (Groundball, 6)
Bottom of the 2nd over - 0 run(s), 0 hit(s), 0 error(s), 1 left on base; Arizona 3 - Kentucky 0
TOP OF THE 3RD
Arizona Wildcats batting - Pitching for Kentucky Wildcats : LHP Sloan Sanders
Batting: SHB José Espinoza 0-0: Called Strike
0-1: Foul Ball, location: 2F
0-2: Ball
1-2: Foul Ball, location: 2F
1-2: Fly out, F9 (Popup, 4D)
Batting: RHB Michael Tucker 0-0: Ball
1-0: Reached on error, E5 (Groundball, 56)
Batting: RHB Félix Gonzáles 0-0: Ball
1-0: SINGLE (Groundball, 4MD)
Michael Tucker to second
Runner from 2nd tries for 3rd, SAFE, no throw or cutoff
Batting: LHB Bruce Foster 0-0: Foul Ball, location: 2F
0-1: Ball
1-1: Foul Ball, location: 2F
1-2: Ball
2-2: Foul Ball, location: 2F
2-2: Strikes out swinging
Batting: RHB Alvin Cates 0-0: Called Strike
0-1: Called Strike
0-2: Ball
1-2: Fly out, F3 (Popup, 3SF)
Top of the 3rd over - 0 run(s), 1 hit(s), 1 error(s), 2 left on base; Arizona 3 - Kentucky 0
BOTTOM OF THE 3RD
Kentucky Wildcats batting - Pitching for Arizona Wildcats : RHP Dave Edwards
Batting: RHB Eddie Higgins 0-0: Called Strike
0-1: Called Strike
0-2: Ball
1-2: Ball
2-2: Foul Ball, location: 2F
2-2: Ball
3-2: Foul Ball, location: 2F
3-2: Base on Balls
Batting: RHB Jerry Gentry 0-0: Ball
1-0: Called Strike
1-1: SINGLE (Groundball, 6MD)
Eddie Higgins to second
Batting: RHB Ricky White 0-0: SINGLE (Flyball, 9M)
Eddie Higgins to third
Jerry Gentry to second
Batting: LHB John Hudson 0-0: Fielders Choice at 2nd, 4-6 (Groundball, 4)
Eddie Higgins scores
Jerry Gentry to third
Batting: RHB Phil McJannett 0-0: Ball
1-0: Ball
2-0: Grounds into double play, 1-4-3 (Groundball, 23)
Bottom of the 3rd over - 1 run(s), 2 hit(s), 0 error(s), 1 left on base; Arizona 3 - Kentucky 1
TOP OF THE 4TH
Arizona Wildcats batting - Pitching for Kentucky Wildcats : LHP Sloan Sanders
Batting: RHB Gordon Owens 0-0: Ball
1-0: DOUBLE (Flyball, 7M)
Batting: RHB Miguel Gonzáles 0-0: Swinging Strike
0-1: Ball
1-1: Ball
2-1: SINGLE (Groundball, 56D)
Gordon Owens to third
Batting: RHB Gabriel Vázquez 0-0: Called Strike
0-1: Ball
1-1: Ball
2-1: Fly out, F9 (Flyball, 9M)
Batting: RHB Jordan Moore 0-0: Called Strike
0-1: Ball
1-1: Ball
2-1: Reached on error, E5 (Groundball, 5)
Gordon Owens scores
Miguel Gonzáles to second
Batting: SHB José Espinoza 0-0: Ball
1-0: Foul Ball, location: 2F
1-1: Swinging Strike
1-2: Ball
2-2: Strikes out looking
Batting: RHB Michael Tucker 0-0: Ball
1-0: Foul Ball, location: 2F
1-1: Ball
2-1: Fly out, F7 (Line Drive, 78M)
Top of the 4th over - 1 run(s), 2 hit(s), 1 error(s), 2 left on base; Arizona 4 - Kentucky 1
BOTTOM OF THE 4TH
Kentucky Wildcats batting - Pitching for Arizona Wildcats : RHP Dave Edwards
Batting: LHB Carlos Romero 0-0: Fly out, F9 (Flyball, 89M)
Batting: SHB Matt Wells 0-0: Foul Ball, location: 2F
0-1: Ball
1-1: Foul Ball, location: 2F
1-2: Ball
2-2: Ball
3-2: Base on Balls
Batting: RHB Chris Rice 0-0: Called Strike
0-1: Swinging Strike
0-2: Strikes out swinging
Batting: RHB Jack Sweet 0-0: Fly out, F8 (Flyball, 8LM)
Bottom of the 4th over - 0 run(s), 0 hit(s), 0 error(s), 1 left on base; Arizona 4 - Kentucky 1
TOP OF THE 5TH
Arizona Wildcats batting - Pitching for Kentucky Wildcats : LHP Sloan Sanders
Batting: RHB Félix Gonzáles 0-0: Ball
1-0: Fly out, F7 (Flyball, 78D)
Batting: LHB Bruce Foster 0-0: Ball
1-0: Called Strike
1-1: Ball
2-1: Swinging Strike
2-2: DOUBLE (Line Drive, 3L)
Batting: RHB Alvin Cates 0-0: Intentional Walk
Pitching: RHP Sean Martínez
Batting: RHB Gordon Owens 0-0: Ball
1-0: Foul Ball, location: 2F
1-1: Ball
2-1: Swinging Strike
2-2: Ball
3-2: Foul Ball, location: 2F
3-2: Strikes out swinging
Batting: RHB Miguel Gonzáles 0-0: Ball
1-0: Called Strike
1-1: Ball
2-1: Fly out, F7 (Line Drive, 7M)
Top of the 5th over - 0 run(s), 1 hit(s), 0 error(s), 2 left on base; Arizona 4 - Kentucky 1
BOTTOM OF THE 5TH
Kentucky Wildcats batting - Pitching for Arizona Wildcats : RHP Dave Edwards
Batting: RHB Eddie Higgins 0-0: Called Strike
0-1: Foul Ball, location: 2F
0-2: Ball
1-2: Ground out 6-3 (Groundball, 6)
Batting: RHB Jerry Gentry 0-0: Ball
1-0: Ball
2-0: Fly out, F8 (Line Drive, 8RM)
Batting: RHB Ricky White 0-0: Ball
1-0: Ball
2-0: Called Strike
2-1: Ball
3-1: Base on Balls
Batting: LHB John Hudson 0-0: 2-RUN HOME RUN (Flyball, 8LXD), Distance : 398 ft
Batting: RHB Phil McJannett 0-0: Fly out, F4 (Line Drive, 4)
Bottom of the 5th over - 2 run(s), 1 hit(s), 0 error(s), 0 left on base; Arizona 4 - Kentucky 3
TOP OF THE 6TH
Arizona Wildcats batting - Pitching for Kentucky Wildcats : RHP Sean Martínez
Batting: RHB Gabriel Vázquez 0-0: Ball
1-0: Ball
2-0: Called Strike
2-1: Foul Ball, location: 2F
2-2: Foul Ball, location: 2F
2-2: Ball
3-2: Strikes out looking
Batting: RHB Jordan Moore 0-0: Ball
1-0: Ball
2-0: Foul Ball, location: 2F
2-1: Swinging Strike
2-2: Foul Ball, location: 2F
2-2: Ball
3-2: Strikes out swinging
Batting: SHB José Espinoza 0-0: Ball
1-0: Swinging Strike
1-1: Called Strike
1-2: Strikes out swinging
Top of the 6th over - 0 run(s), 0 hit(s), 0 error(s), 0 left on base; Arizona 4 - Kentucky 3
BOTTOM OF THE 6TH
Kentucky Wildcats batting - Pitching for Arizona Wildcats : RHP Dave Edwards
Batting: LHB Carlos Romero 0-0: Called Strike
0-1: Foul Ball, location: 2F
0-2: Ball
1-2: Ball
2-2: SOLO HOME RUN (Flyball, 9LD), Distance : 334 ft
Batting: SHB Matt Wells 0-0: Ball
1-0: Ball
2-0: Ball
3-0: Called Strike
3-1: Fly out, F4 (Popup, 4)
Batting: RHB Chris Rice 0-0: Ground out 1-3 (Groundball, 13S)
Batting: RHB Jack Sweet 0-0: Swinging Strike
0-1: Foul Ball, location: 2F
0-2: Foul Ball, location: 2F
0-2: Strikes out looking
Bottom of the 6th over - 1 run(s), 1 hit(s), 0 error(s), 0 left on base; Arizona 4 - Kentucky 4
TOP OF THE 7TH
Arizona Wildcats batting - Pitching for Kentucky Wildcats : RHP Sean Martínez
Batting: RHB Michael Tucker 0-0: Foul Ball, location: 2F
0-1: Ball
1-1: Ball
2-1: Called Strike
2-2: Strikes out swinging
Pitching: RHP Dominic Charette
Batting: RHB Félix Gonzáles 0-0: Swinging Strike
0-1: Ball
1-1: Ball
2-1: Foul Ball, location: 2F
2-2: Ball
3-2: Foul Ball, location: 2F
3-2: Base on Balls
Batting: LHB Bruce Foster 0-0: Fly out, F7 (Flyball, 78D)
Batting: RHB Alvin Cates 0-0: Ball
1-0: Called Strike
1-1: Foul Ball, location: 2F
1-2: Foul Ball, location: 2F
1-2: Ball
2-2: Ground out 5-3 (Groundball, 5L)
Top of the 7th over - 0 run(s), 0 hit(s), 0 error(s), 1 left on base; Arizona 4 - Kentucky 4
BOTTOM OF THE 7TH
Kentucky Wildcats batting - Pitching for Arizona Wildcats : RHP Dave Edwards
Pitching: RHP Clancy Small
Batting: RHB Eddie Higgins 0-0: Called Strike
0-1: Fly out, F7 (Flyball, 78M)
Batting: RHB Jerry Gentry 0-0: Ball
1-0: Ground out 5-3 (Groundball, 5S)
Batting: RHB Ricky White 0-0: Ball
1-0: Ball
2-0: Ball
3-0: Base on Balls
Batting: LHB John Hudson 0-0: Ball
1-0: Ball
2-0: Called Strike
2-1: Ball
3-1: SINGLE (Line Drive, 3D)
Ricky White to second
Runner from 2nd tries for 3rd, SAFE, no throw or cutoff
Batting: RHB Phil McJannett 0-0: Called Strike
0-1: Ball
1-1: Foul Ball, location: 2F
1-2: Ball
2-2: Foul Ball, location: 2F
2-2: Strikes out swinging
Bottom of the 7th over - 0 run(s), 1 hit(s), 0 error(s), 2 left on base; Arizona 4 - Kentucky 4
TOP OF THE 8TH
Arizona Wildcats batting - Pitching for Kentucky Wildcats : RHP Dominic Charette
Batting: RHB Gordon Owens 0-0: Called Strike
0-1: Ball
1-1: Fly out, F7 (Flyball, 78S)
Pinch Hitting: RHB Michael King 0-0: Foul Ball, location: 2F
0-1: Called Strike
0-2: Ball
1-2: Foul Ball, location: 2F
1-2: Ball
2-2: Foul Ball, location: 2F
2-2: Ball
3-2: Reached on error, E5 (Groundball, 56)
Batting: RHB Gabriel Vázquez 0-0: Called Strike
0-1: Ball
1-1: Ball
2-1: Ball
3-1: Foul Ball, location: 2F
3-2: Base on Balls
Michael King to second
Batting: RHB Jordan Moore 0-0: Called Strike
0-1: SINGLE (Groundball, 3L)
Michael King to third
Gabriel Vázquez to second
Runner from 3rd tries for Home, SAFE, no throw or cutoff
Batting: SHB José Espinoza 0-0: Ball
1-0: Foul Ball, location: 2F
1-1: Ball
2-1: Ball
3-1: Base on Balls
Gabriel Vázquez to third
Jordan Moore to second
Pitching: LHP Bill Sutton
Batting: RHB Michael Tucker 0-0: Swinging Strike
0-1: Swinging Strike
0-2: Ball
1-2: Foul Ball, location: 2F
1-2: Ball
2-2: Ball
3-2: Base on Balls
Gabriel Vázquez scores
Jordan Moore to third
José Espinoza to second
Batting: RHB Félix Gonzáles 0-0: Ball
Wild Pitch!
Jordan Moore scores
José Espinoza to third
Michael Tucker to second
1-0: Intentional Walk
Batting: LHB Bruce Foster 0-0: Called Strike
0-1: Ball
1-1: Swinging Strike
1-2: Ball
2-2: Ball
3-2: Foul Ball, location: 2F
3-2: Foul Ball, location: 2F
3-2: Foul Ball, location: 2F
3-2: Foul Ball, location: 2F
3-2: Strikes out looking
Batting: RHB Alvin Cates 0-0: Ball
1-0: Called Strike
1-1: Ball
2-1: Called Strike
2-2: Strikes out swinging
Top of the 8th over - 3 run(s), 1 hit(s), 1 error(s), 3 left on base; Arizona 7 - Kentucky 4
BOTTOM OF THE 8TH
Kentucky Wildcats batting - Pitching for Arizona Wildcats : RHP Clancy Small
Now at 2B: Steve Chase
Batting: LHB Carlos Romero 0-0: Ball
1-0: Ball
2-0: Ground out 3-1 (Groundball, 34)
Batting: SHB Matt Wells 0-0: Ball
1-0: Called Strike
1-1: Foul Ball, location: 2F
1-2: Foul Ball, location: 2F
1-2: Strikes out swinging
Batting: RHB Chris Rice 0-0: Called Strike
0-1: Foul Ball, location: 2F
0-2: Ball
1-2: SOLO HOME RUN (Flyball, 78XD), Distance : 386 ft
Batting: RHB Jack Sweet 0-0: Ball
1-0: Foul Ball, location: 2F
1-1: Swinging Strike
1-2: Ball
2-2: Strikes out swinging
Bottom of the 8th over - 1 run(s), 1 hit(s), 0 error(s), 0 left on base; Arizona 7 - Kentucky 5
TOP OF THE 9TH
Arizona Wildcats batting - Pitching for Kentucky Wildcats : LHP Bill Sutton
Batting: RHB Gordon Owens 0-0: Called Strike
0-1: Ball
1-1: Foul Ball, location: 2F
1-2: Ball
2-2: Ball
3-2: Strikes out looking
Batting: SHB Steve Chase 0-0: Ball
1-0: Swinging Strike
1-1: Foul Ball, location: 2F
1-2: Foul Ball, location: 2F
1-2: Strikes out swinging
Batting: RHB Gabriel Vázquez 0-0: Ball
1-0: Ball
2-0: Ball
3-0: Called Strike
3-1: Base on Balls
Batting: RHB Jordan Moore 0-0: Ball
Gabriel Vázquez steals 2nd base
1-0: Ball
2-0: Swinging Strike
2-1: Ball
3-1: Ground out 5-3 (Groundball, 5S)
Top of the 9th over - 0 run(s), 0 hit(s), 0 error(s), 1 left on base; Arizona 7 - Kentucky 5
BOTTOM OF THE 9TH
Kentucky Wildcats batting - Pitching for Arizona Wildcats : RHP Clancy Small
Pitching: RHP Augusto Escamilla
Batting: RHB Eddie Higgins 0-0: Ball
1-0: Ball
2-0: Ball
3-0: Base on Balls
Batting: RHB Jerry Gentry 0-0: Called Strike
0-1: Fly out, F7 (Flyball, 7M)
Batting: RHB Ricky White 0-0: SINGLE (Line Drive, 8RS)
Eddie Higgins to second
Batting: LHB John Hudson 0-0: Swinging Strike
0-1: Ball
1-1: SINGLE (Line Drive, 34D)
Eddie Higgins to third
Ricky White to second
Batting: RHB Phil McJannett 0-0: Ball
1-0: Foul Ball, location: 2F
1-1: Called Strike
1-2: Ball
2-2: Foul Ball, location: 2F
2-2: Ball
3-2: Base on Balls
Eddie Higgins scores
Ricky White to third
John Hudson to second
Batting: LHB Carlos Romero 0-0: Ball
1-0: Called Strike
1-1: Swinging Strike
1-2: Ball
2-2: Strikes out swinging
Batting: SHB Matt Wells 0-0: Swinging Strike
0-1: Called Strike
0-2: Foul Ball, location: 2F
0-2: Strikes out swinging
Bottom of the 9th over - 1 run(s), 2 hit(s), 0 error(s), 3 left on base; Arizona 7 - Kentucky 6
This league is powered by Out of the Park Baseball, the baseball management simulation game for PC, Mac and Linux
Saturday, April 9th, 2016 - OOTP Baseball 16.8 Build 38